Map: Ciudad Esmeralda EE

Players

MrFercho - Winner!

  • Race: Zerg Zerg
  • League: Gold
  • Spawn Location: 5:00

TATORREA - Winner!

  • Race: Protoss Protoss
  • League: Gold
  • Spawn Location: 5:00

RonTron

  • Race: Protoss Protoss
  • Spawn Location: 11:00

DrDiablo

  • Race: Terran Terran
  • League: Gold
  • Spawn Location: 11:00

VOD

Have the link to the VOD?

Description

Time

  • Played on: Aug. 6, 2020, 9:27 p.m.
  • Length: 13:23
Show
View Real Time Build Order
Export as new Build Order

MrFercho Zerg - Winner!

Build Orders: Hatch First, Lurkers, Roach Hydra 

Get SALT Encoding   

  12  0:05  Drone  
  13  0:24  Overlord  
  13  0:26  Drone  
  14  0:42  Drone x2  
  16  1:01  Hatchery, Drone x2  
  17  1:07  Drone  
  18  1:16  Extractor  
  17  1:22  Spawning Pool  
  17  1:23  Drone  
  17  1:29  Drone  
  18  1:39  Drone  
  19  1:53  Drone  
  20  2:03  Overlord  
  20  2:13  Zergling x2  
  21  2:16  Zergling x2  
  22  2:23  Queen x2  
  22  2:25  Drone x2  
  28  2:39  Overlord  
  28  2:41  Drone  
  29  2:47  Drone  
  29  2:48  Drone  
  31  2:55  Drone  
  31  2:57  Overlord  
  32  3:07  Queen  
  34  3:13  Lair  
  34  3:15  Drone x2  
  36  3:26  Drone x2  
  37  3:53  Roach Warren  
  36  4:00  Drone  
  36  4:01  Evolution Chamber, Drone x8  
  44  4:02  Evolution Chamber  
  44  4:03  Extractor  
  44  4:05  Extractor  
  44  4:07  Overlord  
  41  4:37  Roach x5  
  51  4:40  Overlord  
  51  4:44  Drone x3  
  54  4:48  Glial Reconstitution  
  54  4:49  Zerg Missile Weapons Level 1  
  54  5:00  Overlord  
  54  5:01  Overlord  
  54  5:02  Drone  
  54  5:03  Drone x2  
  57  5:18  Roach  
  57  5:19  Roach x5  
  69  5:22  Overlord  
  69  5:32  Hydralisk Den  
  69  5:34  Drone x2  
  69  5:35  Extractor, Drone  
  69  5:36  Drone x2  
  72  5:45  Hatchery  
  72  5:49  Overlord  
  71  5:50  Overlord  
  71  5:54  Overseer  
  71  5:58  Overseer  
  71  6:02  Pneumatized Carapace  
  71  6:10  Grooved Spines  
  71  6:18  Drone  
  72  6:20  Hatchery  
  71  6:35  Drone x2  
  71  6:36  Drone x12  
  85  6:44  Queen  
  87  7:00  Hydralisk x8  
  103  7:21  Muscular Augments  
  103  7:23  Hydralisk  
  103  7:24  Hydralisk x4  
  113  8:09  Extractor  
  113  8:10  Queen  
  113  8:11  Extractor  
  113  8:21  Zerg Missile Weapons Level 2  
  113  8:22  Zerg Ground Armor Level 1  
  113  8:33  Overlord x3  
  113  8:34  Overlord x3  
  113  8:35  Hydralisk x3  
  113  8:41  Metabolic Boost  
  119  8:59  Drone x3  
  119  9:00  Drone x2  
  119  9:01  Drone  
  125  9:05  Drone x2  
  127  9:14  Infestation Pit  
  127  9:16  Spire  
  125  9:18  Extractor, Hatchery, Lurker Den  
  125  9:22  Extractor  
  121  9:29  Hatchery  
  120  9:31  Hatchery  
  120  9:32  Hydralisk x12  
  120  9:34  Overlord x3  
  120  9:35  Overlord x2  
  120  9:37  Zergling x18  
  152  10:18  Zerg Ground Armor Level 2  
  152  10:24  Hydralisk  
  152  10:25  Hydralisk x11  
  176  10:35  Hive  
  176  10:43  Drone x5  
  176  10:44  Drone x14  
  195  11:15  Evolution Chamber  
  195  11:16  Evolution Chamber  
  193  11:22  Overseer x2  
  193  11:38  Lurker  
  193  11:39  Lurker x5  
  199  11:47  Adaptive Talons  
Show
View Real Time Build Order
Export as new Build Order

TATORREA Protoss - Winner!

Build Orders: Archon Immortal 

Get SALT Encoding   

  12  0:03  Probe  
  13  0:15  Probe  
  14  0:23  Pylon  
  14  0:27  Probe  
  15  0:41  Probe  
  16  0:48  Gateway  
  16  0:53  Probe (Chrono Boost)  
  17  0:58  Assimilator  
  17  1:01  Pylon  
  17  1:05  Probe (Chrono Boost)  
  18  1:13  Probe (Chrono Boost)  
  19  1:22  Gateway  
  19  1:24  Probe  
  20  1:27  Assimilator  
  20  1:31  Pylon  
  20  1:36  Probe  
  20  1:52  Probe  
  21  2:21  Nexus  
  21  2:28  Cybernetics Core  
  21  2:37  Probe  
  22  2:49  Probe  
  23  3:01  Probe  
  24  3:06  Stalker (Chrono Boost)  
  24  3:07  Stalker (Chrono Boost), Warp Gate  
  28  3:17  Probe  
  29  3:29  Probe  
  30  3:39  Robotics Facility  
  30  3:41  Gateway, Probe  
  31  3:42  Stalker  
  31  3:43  Gateway  
  33  3:51  Stalker  
  33  3:52  Probe  
  33  3:55  Probe  
  37  4:04  Probe  
  37  4:07  Probe  
  39  4:16  Probe  
  40  4:17  Stalker (Chrono Boost)  
  40  4:19  Stalker (Chrono Boost), Probe  
  45  4:29  Probe  
  46  4:31  Probe  
  46  4:32  Shield Battery  
  46  4:33  Shield Battery  
  47  4:42  Probe  
  47  4:43  Probe  
  49  4:57  Immortal (Chrono Boost)  
  53  5:12  Pylon  
  53  5:14  Pylon  
  53  5:18  Pylon  
  53  5:22  Assimilator  
  53  5:23  Probe  
  53  5:27  Assimilator  
  54  5:30  Immortal (Chrono Boost), Probe  
  54  5:35  Stalker x2, Probe  
  62  5:37  Stalker  
  62  5:39  Stalker  
  62  5:42  Probe  
  69  5:47  Probe  
  70  5:54  Probe  
  71  5:59  Probe  
  72  6:06  Twilight Council, Immortal (Chrono Boost), Probe  
  77  6:11  Probe  
  78  6:20  Nexus  
  78  6:27  Pylon  
  78  6:28  Pylon  
  78  6:45  Probe x2, Observer  
  78  6:47  Stalker x3  
  83  6:49  Stalker  
  89  6:57  Probe x2  
  91  7:09  Probe x2  
  93  7:21  Probe  
  90  7:29  Stalker x2  
  78  7:30  Stalker x2  
  82  7:49  Probe x3  
  85  7:55  Assimilator  
  85  7:59  Assimilator  
  85  8:00  Gateway  
  85  8:01  Probe x3  
  85  8:02  Gateway  
  85  8:03  Immortal  
  92  8:06  Gateway  
  92  8:08  Gateway  
  92  8:16  Forge  
  92  8:17  Forge  
  92  8:24  Probe x2  
  92  8:25  Forge, Probe  
  95  8:34  Templar Archives  
  95  8:36  Probe  
  96  8:43  Immortal  
  100  8:50  Stalker x2  
  100  8:51  Blink (Chrono Boost), Nexus  
  100  8:53  Pylon, Protoss Ground Weapons Level 1 (Chrono Boost)  
  104  8:56  Protoss Shields Level 1 (Chrono Boost)  
  104  8:57  Pylon  
  104  8:58  Protoss Ground Armor Level 1 (Chrono Boost)  
  104  9:10  Psionic Storm  
  104  9:13  High Templar x3  
  104  9:14  High Templar x3  
  104  9:15  High Templar  
  118  9:22  Zealot  
  120  9:31  Archon x2  
  120  9:32  Archon  
  120  9:35  Immortal  
  124  9:48  Probe  
  125  9:59  Assimilator  
  125  10:02  Probe x3  
  125  10:03  Assimilator  
  128  10:12  Pylon, Probe  
  129  10:14  Immortal, Probe x3  
  129  10:18  Pylon  
  136  10:24  Pylon  
  136  10:26  High Templar x2  
  140  10:29  Pylon  
  140  10:30  Probe  
  140  10:33  Archon  
  141  10:37  Protoss Ground Weapons Level 2  
  141  10:39  Probe x3  
  141  10:41  Protoss Shields Level 2  
  144  10:43  Protoss Ground Armor Level 2, Probe  
  144  10:45  Charge (Chrono Boost)  
  144  10:46  Pylon  
  145  10:50  Pylon  
  145  10:51  Probe  
  145  10:53  Immortal  
  145  10:54  Pylon  
  150  11:01  Pylon  
  150  11:04  Pylon, Robotics Bay  
  150  11:12  Robotics Facility  
  150  11:25  Probe x4  
  154  11:27  Nexus  
  154  11:31  Pylon  
  154  11:40  Immortal  
  154  11:42  High Templar x2  
  154  11:43  High Templar x4  
  154  11:44  High Templar x2  
  174  11:50  Archon x3  
  174  11:51  Archon  
  174  12:15  Gateway  
  174  12:17  Gateway  
  174  12:19  Gateway  
  174  12:21  Gateway  
  174  12:22  Zealot  
  174  12:23  Zealot x2  
  174  12:25  Gateway  
  174  12:27  Gateway  
  180  12:30  Gateway, Zealot x4  
  180  12:33  Gateway  
  180  12:35  Gateway  
  188  12:38  Gateway  
  188  12:41  Gateway  
  188  12:43  Gateway  
  188  12:49  Gateway  
  173  12:51  Gateway  
  173  12:54  Gateway  
  173  12:56  Gateway  
  155  12:59  Gateway  
  155  13:01  Gateway  
  151  13:05  Gateway  
  151  13:09  Assimilator  
  147  13:13  Assimilator  
Show
View Real Time Build Order
Export as new Build Order

RonTron Protoss 

Build Orders:  

Get SALT Encoding   

  12  0:00  Probe  
  13  0:15  Pylon  
  13  0:21  Assimilator  
  13  0:36  Probe  
  14  0:43  Gateway  
  14  0:48  Probe  
  15  0:54  Gateway  
  15  1:08  Forge  
  15  1:11  Probe  
  16  1:32  Cybernetics Core  
  16  1:35  Probe  
  17  1:40  Assimilator  
  17  1:51  Probe  
  18  2:09  Probe  
  19  2:29  Nexus  
  19  2:36  Pylon  
  19  2:37  Probe  
  20  2:49  Stalker  
  22  2:58  Pylon  
  22  3:09  Stalker  
  24  3:16  Probe  
  25  3:23  Stalker  
  27  3:35  Twilight Council  
  27  3:40  Probe  
  28  3:49  Probe  
  29  4:00  Stalker  
  29  4:01  Probe  
  32  4:13  Probe  
  33  4:21  Stalker  
  35  4:28  Probe  
  35  4:29  Probe  
  37  4:36  Assimilator  
  37  4:40  Probe  
  37  4:41  Probe  
  37  4:44  Pylon  
  39  4:53  Probe x2  
  41  5:01  Assimilator  
  41  5:05  Probe x2  
  43  5:17  Probe x2  
  43  5:18  Robotics Facility  
  45  5:27  Gateway  
  45  5:29  Probe  
  46  5:36  Pylon  
  46  5:39  Probe  
  46  5:41  Probe  
  48  5:51  Probe  
  48  5:53  Probe  
  48  5:56  Stalker  
  52  5:57  Stalker  
  52  6:03  Probe  
  55  6:05  Probe  
  55  6:06  Blink (Chrono Boost)  
  56  6:13  Observer  
  56  6:17  Probe  
  58  6:20  Stalker  
  60  6:30  Probe  
  61  6:33  Photon Cannon  
  61  6:35  Observer  
  61  6:37  Photon Cannon  
  62  6:42  Probe  
  62  6:44  Protoss Shields Level 1 (Chrono Boost)  
  63  6:55  Pylon  
  63  6:56  Observer  
  63  6:57  Probe  
  65  7:02  Photon Cannon  
  65  7:09  Photon Cannon, Probe  
  66  7:17  Observer  
  66  7:21  Probe  
  62  7:39  Observer  
  62  7:42  Stalker x2  
  62  7:43  Stalker  
  69  8:02  Charge (Chrono Boost)  
  69  8:12  Stalker  
  71  8:14  Stargate  
  71  8:33  Pylon  
  71  8:35  Pylon  
  71  8:39  Photon Cannon  
  71  9:06  Nexus  
  70  9:15  Probe x2  
  72  9:27  Probe x2  
  72  9:28  Pylon  
  74  9:32  Assimilator  
  74  9:39  Probe x2  
  74  9:42  Fleet Beacon  
  74  9:43  Stargate  
  76  9:51  Probe  
  76  9:52  Probe  
  78  9:57  Pylon  
  78  10:03  Probe  
  78  10:04  Probe  
  78  10:05  Assimilator  
  80  10:08  Zealot  
  80  10:13  Zealot x2  
  86  10:15  Probe  
  86  10:18  Observer  
  88  10:23  Stargate  
  88  10:27  Pylon  
  88  10:34  Pylon  
  88  10:39  Observer  
  89  10:44  Stargate  
  89  10:45  Stargate  
  89  10:49  Carrier  
  95  10:50  Tempest  
  95  10:55  Pylon  
  100  11:04  Probe  
  101  11:16  Probe  
  102  11:21  Stargate  
  102  11:28  Probe  
  102  11:30  Stalker x3  
  109  11:36  Carrier x2  
  109  11:38  Tempest  
  126  11:40  Probe  
  127  11:52  Probe  
  128  11:54  Robotics Bay  
  128  12:23  Stalker x2  
  128  12:24  Stalker  
  128  12:25  Tempest  
Show
View Real Time Build Order
Export as new Build Order

DrDiablo Terran 

Build Orders:  

Get SALT Encoding   

  12  0:00  SCV  
  13  0:13  SCV  
  14  0:25  Supply Depot, SCV  
  15  0:31  Refinery  
  15  0:47  SCV  
  16  0:52  Barracks  
  16  0:59  SCV  
  17  1:11  SCV  
  18  1:23  SCV  
  19  1:40  SCV  
  19  1:41  Reaper  
  21  1:56  SCV  
  22  2:03  Supply Depot  
  22  2:13  Marine  
  23  2:21  Supply Depot  
  23  2:28  SCV  
  24  2:33  Factory  
  24  2:43  Barracks Tech Lab  
  24  2:44  Supply Depot  
  24  2:45  SCV  
  24  2:51  Barracks  
  24  2:54  Refinery  
  24  2:55  Engineering Bay  
  24  2:57  SCV  
  25  2:58  Supply Depot  
  25  3:07  Stimpack  
  25  3:09  SCV  
  25  3:10  Supply Depot  
  26  3:14  Marine  
  26  3:19  Hellion  
  28  3:37  Starport  
  28  3:39  SCV  
  29  3:45  Barracks Reactor, Marine  
  30  4:17  Marine  
  30  4:19  Medivac, Hellion  
  30  4:20  SCV  
  36  4:26  Command Center  
  36  4:27  Marine x2  
  38  4:44  Barracks  
  38  4:47  Marine  
  38  4:49  Medivac  
  41  4:54  Hellion  
  43  5:00  Missile Turret  
  43  5:03  Marine  
  44  5:08  Combat Shield  
  44  5:19  Orbital Command  
  44  5:21  Missile Turret  
  44  5:26  Marine x2  
  46  5:32  Starport Reactor  
  46  5:33  Barracks Reactor  
  46  5:35  Factory Tech Lab  
  46  5:49  Marine x2  
  48  5:54  Siege Tank  
  51  5:59  Supply Depot  
  51  6:04  SCV  
  51  6:10  Orbital Command  
  52  6:16  Supply Depot, SCV  
  53  6:23  Armory  
  53  6:26  Marine  
  53  6:27  Marine  
  55  6:39  SCV  
  56  6:42  Marine  
  56  6:43  Marine x2  
  59  7:02  Siege Tank  
  59  7:04  SCV  
  61  7:16  Factory, SCV  
  57  7:23  Marine x4  
  57  7:29  SCV  
  51  7:38  Marine  
  51  7:41  Marine x4, Siege Tank  
  55  8:00  Marine x2, Factory Tech Lab  
  55  8:02  SCV  
  55  8:05  Refinery  
  58  8:07  Refinery  
  58  8:14  SCV  
  58  8:19  Smart Servos  
  59  8:21  Siege Tank  
  59  8:23  Siege Tank  
  59  8:26  Marine x4, SCV  
  70  8:36  Marine  
  70  8:38  SCV  
  72  8:50  SCV  
  72  8:53  Siege Tank  
  76  9:02  SCV  
  77  9:03  Missile Turret  
  77  9:14  SCV  
  78  9:17  Marine x4  
  78  9:20  Siege Tank  
  78  9:23  Bunker  
  85  9:26  SCV  
  85  9:28  SCV  
  87  9:37  Supply Depot x2  
  87  9:38  SCV  
  87  9:39  Supply Depot  
  87  9:40  SCV  
  89  9:50  SCV  
  89  9:52  SCV  
  91  9:59  Marine x5  
  95  10:00  Sensor Tower, Supply Depot  
  95  10:02  Supply Depot  
  95  10:03  SCV  
  94  10:15  SCV  
  94  10:17  Marine  
  94  10:19  Medivac  
  94  10:20  Medivac  
  100  10:22  Terran Vehicle Weapons Level 1  
  100  10:23  Terran Infantry Armor Level 1  
  100  10:27  Engineering Bay, SCV  
  101  10:31  Armory  
  101  10:39  SCV  
  101  10:42  Command Center  
  102  10:45  Marine x3  
  105  10:50  Siege Tank  
  105  10:51  SCV  
  109  11:04  Medivac  
  109  11:05  Medivac  
  109  11:06  Marine x3  
  109  11:07  Marine x2  
  109  11:11  Widow Mine  
  120  11:22  Widow Mine  
  120  11:24  Marine x3  
  125  11:27  Marine x2  
  125  11:32  Siege Tank  
  130  11:41  Factory  
  130  11:42  Marine x3, Factory  
  130  11:45  Marine  
  134  11:53  Siege Tank  
  134  11:54  Supply Depot  
  137  11:57  SCV  
  137  11:58  SCV  
  139  12:04  Refinery  
  139  12:09  Siege Tank  
  139  12:10  SCV x2  
  144  12:17  Supply Depot  
  144  12:21  Orbital Command  
  144  12:22  SCV x2  
  146  12:29  Supply Depot  
  146  12:34  SCV x2  
  144  12:46  SCV x2  
  100  12:52  Marine x5  
  100  12:58  SCV x2  
Tags
 
Add a new tag
Caveats
  • Supply blocks, unpowered buildings, or Contaminate may cause inaccurate times.
  • Supply counts are checked every 10 seconds.